 Dungeon Crawl Stone Soup version 0.19-a0-1002-g674d22e (webtiles) character file.

72759 Gagarin the Nimble (level 15, -20/118 HPs)
             Began as a White Draconian Air Elementalist on July 17, 2016.
             Was a High Priest of Sif Muna.
             Killed from afar by Azrael (35 damage)
             ... with a fireball
             ... on level 1 of the Snake Pit on July 18, 2016.
             The game lasted 03:25:19 (28593 turns).

Gagarin the Nimble (DrAE)                          Turns: 28593, Time: 03:25:20

Health: -20/118    AC: 19    Str: 10    XL:     15   Next: 2%
Magic:  1/30       EV: 20    Int: 22    God:    Sif Muna [*****.]
Gold:   758        SH:  0    Dex: 12    Spells: 10 memorised, 4 levels left

rFire  . . .     SeeInvis +     n - +6 spear (freeze)
rCold  + . .     Gourm    .     (armour unavailable)
rNeg   . . .     Faith    .     (no shield)
rPois  +         Spirit   .     m - +2 hat {SInv}
rElec  .         Dismiss  .     R - +2 cloak
rCorr  .         Reflect  .     Z - +2 pair of gloves
SustAt .         Harm     .     t - +1 pair of boots
MR     +....                    o - amulet of regeneration
Stlth  +++.......               E - ring of poison resistance
                                q - +2 ring of evasion

@: about to teleport, short of breath, very slightly contaminated, repel
missiles, somewhat resistant to hostile enchantments, fairly stealthy
A: breathe frost, unfitting armour, cold resistance 1, cold-blooded, AC +9
a: Breathe Frost, Divine Energy, Channel Magic, Forget Spell, Renounce Religion


You were on level 1 of the Snake Pit.
You worshipped Sif Muna.
Sif Muna was extremely pleased with you.
You were near starving.

You visited 4 branches of the dungeon, and saw 20 of its levels.
You also visited: Bailey.

You collected 1230 gold pieces.
You spent 472 gold pieces at shops.

Inventory:

Hand Weapons
 n - a +6 spear of freezing (weapon)
 w - a +4 longbow
 A - a +3 glaive
 U - a +4 shortbow of flaming
Missiles
 B - 8 tomahawks of returning (quivered)
 K - 270 arrows
Armour
 m - a +2 hat of see invisible (worn)
 t - a +1 pair of boots (worn)
 R - a +2 cloak (worn)
 Z - a +2 pair of gloves (worn)
Jewellery
 o - an amulet of regeneration (around neck)
 q - a +2 ring of evasion (left hand)
 E - a ring of poison resistance (right hand)
Wands
 g - a wand of confusion (26/48)
 k - a wand of digging (14/24)
 l - a wand of teleportation (4/9)
 s - a wand of paralysis (12/24)
 v - a wand of confusion (29/48)
 x - a wand of iceblast (3/15)
 P - a wand of acid (3/15)
 Q - a wand of flame (28/48)
Scrolls
 d - 7 scrolls of fog
 f - 4 scrolls of identify
 j - 4 scrolls of remove curse
 u - a scroll of fear
 y - a scroll of magic mapping
Potions
 e - 3 potions of agility
 i - a potion of lignification
 p - 2 potions of haste
 r - 4 potions of resistance
 z - a potion of curing
 F - a potion of brilliance {unknown}
 G - 3 potions of berserk rage
 N - 4 potions of flight
 X - a potion of ambrosia
Books
 a - a book of the Earth

   Spells                             Type                      Level
   a - Leda's Liquefaction            Hexes/Earth                  4
   b - Bolt of Magma                  Conjuration/Fire/Earth       5
   c - Statue Form                    Transmutation/Earth          6
   d - Iron Shot                      Conjuration/Earth            6
   e - Shatter                        Earth                        9
 C - Sif Muna's Catalogue of Self-Knowledge and Malediction
   (Sif Muna gifted it to you on level 1 of the Snake Pit)

   Spells                             Type                      Level
   a - Song of Slaying                Charms                       2
   b - Slow                           Hexes                        2
   c - Fulminant Prism                Conjuration/Hexes            4
   d - Silence                        Hexes/Air                    5
   e - Haste                          Charms                       6
   f - Invisibility                   Hexes                        6
Miscellaneous
 c - a crystal ball of energy
Comestibles
 b - 12 bread rations
 h - 12 meat rations
 L - 12 royal jellies
 T - 4 fruits


   Skills:
 + Level 7.4 Fighting
 + Level 5.9 Polearms
 + Level 4.9 Bows
 + Level 11.6 Dodging
 + Level 6.1 Stealth
 + Level 0.2 Unarmed Combat
 + Level 11.2 Spellcasting
 + Level 11.0 Conjurations
 + Level 2.7 Hexes
 + Level 1.0 Charms
 - Level 0.2 Fire Magic
 + Level 5.5 Ice Magic
 + Level 11.1 Air Magic
 + Level 1.7 Poison Magic
 + Level 4.3 Evocations


You had 4 spell levels left.
You knew the following spells:

 Your Spells              Type           Power        Failure   Level  Hunger
a - Shock                 Conj/Air       ####         1%          1    None
b - Repel Missiles        Chrm/Air       #####.       1%          2    None
c - Static Discharge      Conj/Air       ######..     1%          3    None
d - Lightning Bolt        Conj/Air       ######....   1%          5    ####...
e - Swiftness             Chrm/Air       #####...     1%          2    None
f - Conjure Flame         Conj/Fire      #####...     1%          3    None
g - Freezing Cloud        Conj/Ice/Air   ######....   21%         6    ######.
h - Fulminant Prism       Conj/Hex       #####.....   3%          4    #......
i - Mephitic Cloud        Conj/Pois/Air  #####...     1%          3    None
j - Dazzling Spray        Conj/Hex       #####.       1%          3    None


Dungeon Overview and Level Annotations

Branches:
Dungeon (12/15)            Temple (1/1) D:5            Lair (6/6) D:9
  Swamp (0/4) Lair:3        Snake (1/4) Lair:3        Slime (0/5) Lair:5
    Orc: D:9-12

Altars:
Ashenzari
Cheibriados
Dithmenos
Elyvilon
Fedhas
Gozag
Hepliaklqana
Kikubaaqudgha
Makhleb
Nemelex Xobeh
Okawaru
Pakellas
Qazlal
Ru
Sif Muna
Trog
Uskayaw
Vehumet
Xom
Yredelemnul
Zin
The Shining One

Shops:
D:9 *   D:12 **

Annotations:
D:7 4thArraOfDagon's ghost, novice DEFE
Snake:1 Azrael


Innate Abilities, Weirdness & Mutations

You can breathe waves of freezing cold.
You can buffet flying creatures when you breathe cold.
Your icy white scales are hard. (AC +9)
Your body does not fit into most forms of armour.
Your flesh is cold resistant. (rC+)
You are cold-blooded and may be slowed by cold attacks.


Message History

The hell hound closely misses the fire elemental.
You are near starving!
You hit the black mamba.
The black mamba seems to slow down.
You freeze the black mamba.
You kill the black mamba!
Sif Muna accepts your kill.
The hell hound barely misses Azrael.
Azrael gestures at you.
The bolt of fire hits the hell hound.
The hell hound completely resists.
The bolt of fire hits you!
* * * LOW HITPOINT WARNING * * *
Evoke which item? (* to show all) (? for menu, Esc to quit)
Zapping:
l - a wand of teleportation (5/9)
Press: ? - help, Shift-Dir - straight line, f - you, p - hell hound You feel strangely unstable.
This wand has 4 charges left.
The hell hound bites something!
You feel a bit more experienced. Azrael gestures at you.
The fireball explodes!
The fireball engulfs the hell hound.
The hell hound completely resists.
The fireball engulfs you!
You die...

#######..#####.#..##
#....#
#.#.#.#)#.#.####...##
##.### .............#
#....## ###
#.#.#.#.#.#.##
##....##
.............##
##..[.##
#.#.#.#.#.#.#.##
##....##
#########.#....##
##....## #....#..##
##....##
#########...#...@##
##..#.#
...#.......###..#h##
##..## ........)[##
##..§R####†..#
...........##
##.§§§§§E§..#
########....##
##§§§h.#.§.# #
##....## #§S.###§..#
###### ###...# #§..#
#...# ##....## #...#
##N.# #...# #......##
#...# #h..# #..##


You could see Azrael, an anaconda, a naga ritualist and 2 hell hounds.

Vanquished Creatures
  Gastronok (Lair:1)
  Roxanne (Snake:1)
  Kirke (D:11)
  The ghost of mistymad the Spear-Bearer, a journeyman MfGl of Okawaru (Lair:2)
  The ghost of Amnesiac the Basher, a journeyman OgNe of Kikubaaqudgha (Lair:2)
  A fire dragon (Lair:6)
  Josephine (Lair:5)
  4 hydras
  2 anacondas (Snake:1)
  A naga warrior (Snake:1)
  3 death yaks (Lair:6)
  2 naga sharpshooters (Snake:1)
  2 shock serpents (Snake:1)
  Sonja (Lair:1)
  A fire crab (Lair:5)
  Nergalle (Lair:1)
  An unseen horror (D:11)
  A hill giant (D:10)
  An orc knight (D:10)
  An ugly thing (D:11)
  A griffon (Lair:2)
  A cyclops (D:11)
  3 mana vipers (Snake:1)
  A salamander (Snake:1)
  11 black mambas
  16 elephants
  A naga mage (Snake:1)
  A guardian serpent (Snake:1)
  8 rime drakes
  11 spiny frogs
  3 kobold demonologists
  9 komodo dragons
  A queen bee (D:11)
  2 trolls
  2 polar bears
  A two-headed ogre (D:11)
  4 slime creatures (Lair:5)
  27 blink frogs
  The ghost of Conn321 the Sneak, an amateur OpFE (D:4)
  2 shadows (D:11)
  3 wyverns
  31 yaks
  Sigmund (D:2)
  3 fire elementals (Snake:1)
  5 wraiths
  5 hogs (D:11)
  5 basilisks
  Grum (D:10)
  7 hippogriffs
  A hungry ghost (D:9)
  A human (D:8)
  2 vampire mosquitoes (D:12)
  2 steam dragons
  13 nagas (Snake:1)
  15 water moccasins
  A hell hound (Snake:1)
  13 porcupines
  7 orc warriors
  A swamp drake (Lair:6)
  2 sky beasts
  4 ice beasts
  A black bear (Lair:1)
  5 ogres
  2 eyes of draining
  13 wolves
  A phantom (D:9)
  7 centaurs
  15 crocodiles
  17 big kobolds
  15 giant frogs
  A gnoll sergeant (D:10)
  4 scorpions
  25 killer bees
  9 wights
  3 electric eels
  A howler monkey (D:6)
  4 crimson imps
  2 giant frog zombies (D:7)
  12 hounds
  A giant frog skeleton (D:4)
  A jelly (D:7)
  14 orc priests
  A centaur skeleton (D:6)
  Jessica (D:5)
  10 iguanas
  15 orc wizards
  8 worker ants
  12 sheep
  A killer bee zombie (D:6)
  A hound zombie (D:8)
  A hound skeleton (D:9)
  6 gnolls
  58 river rats
  14 adders
  A howler monkey skeleton (D:5)
  6 shadow imps
  3 oozes
  2 adder zombies
  2 adder skeletons
  2 worms
  3 dart slugs
  6 giant geckos
  51 orcs
  6 bats
  11 giant cockroaches
  13 goblins
  6 hobgoblins
  9 jackals
  7 quokkas
  8 giant newts
  31 kobolds
  3 quokka skeletons
  7 rats
  4 fulminant prisms
  2 fungi
721 creatures vanquished.

Vanquished Creatures (collateral kills)
  An elephant (Lair:6)
  A crocodile (Lair:6)
2 creatures vanquished.

Vanquished Creatures (others)
  A hill giant (D:12)
  A human (D:12)
  A warg (D:2)
  A giant frog (D:12)
  A giant frog zombie (D:12)
  A river rat (Lair:4)
  43 fulminant prisms
  16 fungi
  11 plants
76 creatures vanquished.

Grand Total: 799 creatures vanquished

Notes
Turn   | Place    | Note
-------+----------+-------------------------------------------
     0 | D:1      | Gagarin the Draconian Air Elementalist began the quest for the Orb.
     0 | D:1      | Reached XP level 1. HP: 14/14 MP: 3/3
   350 | D:1      | Reached XP level 2. HP: 15/20 MP: 3/5
   425 | D:1      | Learned a level 2 spell: Repel Missiles
  1067 | D:2      | Found an oddly glowing altar of Pakellas.
  1067 | D:2      | Noticed a warg
  1073 | D:2      | Killed a warg
  1272 | D:2      | Noticed Sigmund
  1331 | D:3      | Reached XP level 3. HP: 16/26 MP: 3/6
  1460 | D:3      | Learned a level 3 spell: Static Discharge
  1487 | D:3      | Reached XP level 4. HP: 31/33 MP: 2/7
  1800 | D:3      | Found a sparkling altar of Nemelex Xobeh.
  1870 | D:3      | Found a snail-covered altar of Cheibriados.
  2147 | D:3      | Found a shadowy altar of Dithmenos.
  2535 | D:4      | Noticed Conn321's ghost (amateur OpFE)
  2656 | D:4      | Noticed an ogre
  2667 | D:4      | Killed an ogre
  2667 | D:4      | Reached XP level 5. HP: 35/39 MP: 1/9
  2844 | D:4      | Reached XP level 6. HP: 46/46 MP: 7/11
  2946 | D:4      | Learned a level 5 spell: Lightning Bolt
  3218 | D:4      | Killed Conn321's ghost
  3218 | D:4      | Reached skill level 1 in Fighting
  3395 | D:4      | Your scales start taking on an icy white colour.
  3395 | D:4      | Reached XP level 7. HP: 36/52 MP: 6/13
  3395 | D:4      | Gained mutation: Your flesh is cold resistant. (rC+) [White Draconian growth]
  3982 | D:2      | Killed Sigmund
  3982 | D:2      | Reached skill level 5 in Air Magic
  4206 | D:2      | Noticed an acid blob
  4442 | D:5      | Entered Level 5 of the Dungeon
  4461 | D:5      | Found an ancient bone altar of Kikubaaqudgha.
  4695 | D:5      | Reached XP level 8. HP: 29/61 MP: 1/14
  4982 | D:5      | Found a staircase to the Ecumenical Temple.
  5050 | Temple   | Entered the Ecumenical Temple
  5131 | Temple   | Became a worshipper of Sif Muna the Loreminder
  5323 | D:5      | Noticed Jessica
  5327 | D:5      | Killed Jessica
  5335 | D:5      | Found a deep blue altar of Sif Muna.
  5404 | D:5      | Found a hazy altar of Hepliaklqana.
  5554 | D:6      | Reached skill level 1 in Polearms
  5857 | D:6      | Reached skill level 5 in Spellcasting
  5991 | D:6      | Reached * piety under Sif Muna
  5991 | D:6      | Reached skill level 5 in Dodging
  6524 | D:7      | Reached skill level 5 in Conjurations
  6524 | D:7      | Reached XP level 9. HP: 49/68 MP: 4/17
  6608 | D:7      | Learned a level 2 spell: Swiftness
  6752 | D:7      | Found a bloodstained altar of Trog.
  6946 | D:7      | Noticed 4thArraOfDagon's ghost (novice DEFE)
  7465 | D:8      | Reached ** piety under Sif Muna
  8272 | D:9      | Found Lorphafe's General Store.
  8288 | D:9      | Bought a potion of agility for 52 gold pieces
  8288 | D:9      | Bought a scroll of immolation for 45 gold pieces
  8294 | D:9      | Noticed a kobold demonologist
  8301 | D:9      | Killed a kobold demonologist
  8301 | D:9      | Reached XP level 10. HP: 54/78 MP: 0/19
  8633 | D:9      | Found a shadowy altar of Dithmenos.
  8823 | D:9      | Reached *** piety under Sif Muna
  9287 | D:9      | Found a staircase to the Lair.
  9958 | D:9      | Reached skill level 5 in Stealth
 10041 | D:9      | Got a dazzling flail
 10107 | Lair:1   | Entered Level 1 of the Lair of Beasts
 10238 | Lair:1   | Noticed Sonja
 10295 | Lair:1   | Killed Sonja
 10295 | Lair:1   | Reached XP level 11. HP: 84/85 MP: 3/21
 10297 | Lair:1   | Noticed Gastronok
 10563 | D:10     | Entered Level 10 of the Dungeon
 10684 | D:10     | Noticed a hill giant
 10697 | D:10     | Killed a hill giant
 10907 | D:10     | Noticed Grum
 10924 | D:10     | Killed Grum
 11001 | D:10     | Found a flagged portal.
 11008 | Bailey   | Entered a bailey
 11073 | Bailey   | Noticed an orc knight
 11236 | D:9      | Reached **** piety under Sif Muna
 11611 | D:10     | Killed an orc knight
 12068 | D:11     | Upgraded the game from 0.19-a0-994-g3c636f0 to 0.19-a0-1002-g674d22e
 13050 | D:11     | Noticed a purple ugly thing
 13344 | D:11     | Reached ***** piety under Sif Muna
 13344 | D:11     | Received a gift from Sif Muna
 13345 | D:11     | Identified Sif Muna's Volume of Unholy Changing (Sif Muna gifted it to you on level 11 of the Dungeon)
 13387 | D:11     | Reached skill level 5 in Fighting
 13669 | D:11     | Killed an unseen horror
 13774 | D:11     | Killed a purple ugly thing
 13865 | D:11     | Learned a level 3 spell: Conjure Flame
 13872 | D:11     | Learned a level 6 spell: Freezing Cloud
 14021 | D:11     | Reached XP level 12. HP: 94/94 MP: 10/24
 14171 | D:12     | Noticed Kirke
 14407 | D:11     | Killed Kirke
 14545 | D:12     | Found Rall's General Store.
 14553 | D:12     | Bought a crystal ball of energy for 300 gold pieces
 14553 | D:12     | Bought a scroll of teleportation for 45 gold pieces
 14553 | D:12     | Bought a scroll of identify for 30 gold pieces
 14629 | D:12     | Reached skill level 1 in Bows
 14853 | D:12     | Found Fiahej's Changing Room.
 14907 | D:12     | Learned a level 4 spell: Fulminant Prism
 15124 | Lair:1   | Killed Gastronok
 15309 | Lair:1   | Reached skill level 10 in Air Magic
 15666 | Lair:1   | Noticed Nergalle
 15683 | Lair:1   | Killed Nergalle
 16229 | Lair:1   | You fall through a shaft!
 16233 | Lair:2   | Noticed Amnesiac's ghost (journeyman OgNe)
 16506 | Lair:2   | Killed Amnesiac's ghost
 16625 | Lair:2   | Noticed mistymad's ghost (journeyman MfGl)
 16694 | Lair:2   | HP: 3/94 [spiny frog (6)]
 17048 | Lair:1   | Learned a level 3 spell: Mephitic Cloud
 17199 | Lair:2   | Received a gift from Sif Muna
 17200 | Lair:2   | Identified Sif Muna's Guide on Creation and Combat Magic (Sif Muna gifted it to you on level 2 of the Lair of Beasts)
 17409 | Lair:2   | HP: 4/95 [mistymad's ghost (8)]
 17733 | Lair:2   | Reached XP level 13. HP: 78/102 MP: 16/26
 17917 | Lair:2   | Reached skill level 10 in Spellcasting
 17940 | Lair:2   | Reached skill level 10 in Dodging
 18117 | Lair:2   | Killed mistymad's ghost
 18268 | Lair:3   | Reached skill level 1 in Hexes
 18818 | Lair:3   | Got a crude hand axe
 18964 | Lair:3   | Found a staircase to the Swamp.
 19054 | Lair:3   | Found a glowing golden altar of the Shining One.
 19343 | Lair:3   | Found a staircase to the Snake Pit.
 19350 | Lair:3   | Reached skill level 10 in Conjurations
 21144 | Lair:4   | Reached skill level 1 in Ice Magic
 21881 | Lair:5   | Reached skill level 5 in Polearms
 22170 | Lair:5   | Found a staircase to the Slime Pits.
 22528 | Lair:5   | Received a gift from Sif Muna
 22790 | Lair:6   | Entered Level 6 of the Lair of Beasts
 22790 | Lair:6   | Noticed Josephine
 22927 | Lair:5   | Killed Josephine
 23087 | Lair:6   | Learned a level 3 spell: Dazzling Spray
 23410 | Lair:6   | Reached XP level 14. HP: 50/111 MP: 2/28
 23797 | Lair:6   | Reached skill level 1 in Poison Magic
 24015 | Lair:1   | Identified the +5 hand axe of Xukkukhli {freeze, +Fly rElec rC+++ Str-2} (You found it on level 3 of the Lair of Beasts)
 24106 | Lair:1   | Gained mutation: Your system is resistant to poisons. (rPois) [potion of mutation]
 24106 | Lair:1   | Gained mutation: You expend magic power (3 MP) to strengthen your wands. [potion of mutation]
 24106 | Lair:1   | Gained mutation: You tend to lose your temper in combat. [potion of mutation]
 24112 | Lair:1   | Lost mutation: You expend magic power (3 MP) to strengthen your wands. [potion of cure mutation]
 24112 | Lair:1   | Lost mutation: You tend to lose your temper in combat. [potion of cure mutation]
 24112 | Lair:1   | Lost mutation: Your system is resistant to poisons. (rPois) [potion of cure mutation]
 24503 | Lair:6   | Reached skill level 5 in Ice Magic
 24763 | Lair:6   | Reached skill level 1 in Evocations
 26635 | Snake:1  | Entered Level 1 of the Snake Pit
 26635 | Snake:1  | Noticed Roxanne
 27038 | Snake:1  | Killed Roxanne
 27520 | Snake:1  | Reached skill level 1 in Charms
 27817 | Snake:1  | Received a gift from Sif Muna
 27818 | Snake:1  | Identified Sif Muna's Catalogue of Self-Knowledge and Malediction (Sif Muna gifted it to you on level 1 of the Snake Pit)
 28573 | Snake:1  | Noticed Azrael
 28578 | Snake:1  | Reached XP level 15. HP: 118/118 MP: 4/30
 28593 | Snake:1  | Killed from afar by Azrael

Vault maps used:
D:1:      roderic_chinese_lattice_arrival, minmay_misc_feat_more_columns
D:2:      kennysheep_six_static_rooms, first_bread,
          gammafunk_pakellas_its_alive, uniq_sigmund
D:3:      lemuel_round_altar, kennysheep_slug_shrine,
          nicolae_dithmenos_through_a_glass_darkly, serial_co_window_serial,
          co_window_paths_a, co_window_paths_b, co_window_paths_a,
          co_window_paths_b, co_window_paths_b, co_window_2corner,
          co_window_of_opportunity_b, co_window_of_opportunity_b,
          co_window_corner_b, co_window_sun, co_window_paths_e, glass_columns_b,
          glass_columns_a, glass_columns_a, glass_columns_a,
          kennysheep_generic_room_8
D:5:      kennysheep_little_box, basic_altar, tgw_sif
D:7:      bloody_trog, st_stairs_10
D:8:      grunt_livestock
D:9:      minmay_lair_entry_grove, basic_altar, serial_shops, shop
D:10:     enter_bailey_2, uniq_grum
D:12:     orc_0_dummy, serial_shops, shop_fountains, minmay_misc_feat_chi,
          solitary_fountain, kennysheep_minor_cross, st_stairs_6,
          nicolae_transmutations_shop, uniq_kirke
Temple:   eino_temple_rhombus
Lair:1:   gammafunk_lair_bear_cave, nicolae_volcano_entry_two_sided,
          grunt_megastairs_2, uniq_gastronok, uniq_nergalle, uniq_sonja
Lair:2:   grunt_forest_stairs_basic
Lair:3:   swamp_mist, dummy_snake_entry, basic_altar, special_room
Lair:4:   statuecave_lemuel, serial_bayou_shore_b
Lair:5:   minmay_slime_entry_pillars, infiniplex_staircase_pool_2,
          lemuel_fruit_fields
Lair:6:   guppyfry_lair_end_dragon, hangedman_lair_in_review, uniq_josephine
Snake:1:  st_stairs_13, nicolae_snake_salamander_stairs, uniq_azrael,
          uniq_roxanne
Bailey:   bailey_axe_3, bailey

Skill      XL: |  1  2  3  4  5  6  7  8  9 10 11 12 13 14 15 |
---------------+----------------------------------------------+-----
Dodging        | 2 3 4 5 6 7 9 11 | 11.6
Stealth        | 2 3 5 6 |  6.1
Air Magic      | 4 5 6 7 8 9 10 11 | 11.1
Spellcasting   | 3 4 5 6 7 8 9 10 11 | 11.2
Conjurations   | 2 3 4 5 6 7 8 9 10 11 | 11.0
Fighting       | 1 2 3 4 5 6 7 |  7.4
Polearms       | 2 3 4 5 |  5.9
Bows           | 1 3 4 |  4.9
Hexes          | 1 2 |  2.7
Ice Magic      | 4 5 |  5.5
Poison Magic   | 1 |  1.7
Evocations     | 4 |  4.3
Charms         | 1 |  1.0
Unarmed Combat | |  0.2
Fire Magic     | |  0.2

Action                   |  1- 3 |  4- 6 |  7- 9 | 10-12 | 13-15 || total
-------------------------+-------+-------+-------+-------+-------++-------
Melee: Unarmed           |    14 |     2 |       |    14 |       ||    30
       Tailslap          |     3 |     2 |    28 |    45 |    86 ||   164
       Spear             |       |    25 |   277 |   520 |   884 ||  1706
       Glaive            |       |       |       |       |     6 ||     6
 Fire: Shortbow          |       |       |       |    78 |   203 ||   281
 Cast: Shock             |    44 |    74 |   178 |   433 |   135 ||   864
       Repel Missiles    |     1 |     1 |     2 |     6 |     4 ||    14
       Static Discharge  |       |       |    32 |   111 |    87 ||   230
       Lightning Bolt    |       |       |       |    23 |    17 ||    40
       Conjure Flame     |       |       |       |    11 |    24 ||    35
       Fulminant Prism   |       |       |       |     9 |    39 ||    48
       Mephitic Cloud    |       |       |       |     4 |    55 ||    59
       Swiftness         |       |       |       |     2 |     3 ||     5
       Dazzling Spray    |       |       |       |       |    41 ||    41
       Freezing Cloud    |       |       |       |       |    17 ||    17
 Abil: Breathe Frost     |       |       |     4 |     9 |    13 ||    26
Evoke: Wand              |       |       |     2 |    12 |     7 ||    21
       Crystal ball of e |       |       |       |       |    13 ||    13
  Use: Potion            |       |     2 |     3 |    10 |     6 ||    21
       Scroll            |       |       |    11 |    28 |    12 ||    51
 Stab: Sleeping          |     2 |     1 |     3 |     4 |     5 ||    15
       Paralysed         |       |       |       |    12 |       ||    12
       Confused          |       |       |       |       |     9 ||     9
       Invisible         |       |       |       |       |     7 ||     7
  Eat: Chunk             |     3 |     6 |    17 |    37 |    33 ||    96
       Beef jerky        |       |       |       |     2 |     4 ||     6
       Fruit             |       |       |       |       |     4 ||     4
       Pizza             |       |       |       |       |     2 ||     2
       Meat ration       |       |       |       |       |     1 ||     1
Armor: Skin              |     9 |    36 |   106 |   311 |   291 ||   753
Dodge: Dodged            |    32 |    44 |   230 |   739 |   800 ||  1845
       Deflected         |     2 |     2 |     8 |    16 |    13 ||    41
